 Dungeon Crawl Stone Soup version 0.26-a0-958-gf3041fb45f (webtiles) character file.

Game seed: 15792609268068108535

5371 MordorOrchid the Blocker (level 10, -5/74 HPs)
             Began as a Formicid Fighter on Dec 1, 2020.
             Was a Believer of Cheibriados.
             Slain by a molten gargoyle
             ... wielding a +0 flail
              (7 damage)
             ... on level 9 of the Dungeon.
             The game lasted 00:23:40 (9039 turns).

MordorOrchid the Blocker (Formicid Fighter)         Turns: 9039, Time: 00:23:41

Health: -5/74      AC: 17    Str: 25    XL:     10   Next: 97%
Magic:  9/13       EV:  8    Int: 16    God:    Cheibriados [**....]
Gold:   47         SH: 20    Dex: 16    Spells: 9/9 levels left

rFire    + . .     SeeInvis +   B - +4 battleaxe (curse)
rCold    . . .     Faith    .   c - +2 kite shield
rNeg     . . .     Spirit   .   D - +0 chain mail
rPois    .         Reflect  +   (helmet unavailable)
rElec    .         Harm     +   f - +0 cloak
rCorr    .         Rampage  .   (no gloves)
MR       +....                  N - +0 pair of boots of Monotheism {Harm Regen+ Str-3 Stlth-}
Stlth    ..........             q - amulet of reflection
HPRegen  0.62/turn              H - ring of protection from fire
MPRegen  0.13/turn              y - +4 ring of protection

@: very slow
A: permanent stasis, dig shafts and tunnels, four strong arms, antennae 3
a: Dig, Shaft Self, Bend Time, Renounce Religion


You were on level 9 of the Dungeon.
You worshipped Cheibriados.
Cheibriados was pleased with you.
You visited 2 branches of the dungeon, and saw 10 of its levels.

You collected 523 gold pieces.
You spent 476 gold pieces at shops.

Inventory:

Hand Weapons
 a - a +0 war axe
 g - a +3 short sword
 v - the +5 flail "Cicoma" {protect, rPois rF- rC- Int+4 Dex+2}
   (You found it on level 5 of the Dungeon)

   It grants its wielder temporary protection when it strikes (+7 to AC).
   It affects your intelligence (+4).
   It affects your dexterity (+2).
   It makes you vulnerable to fire.
   It makes you vulnerable to cold.
   It protects you from poison.
 w - a +1 dagger of venom
 B - a cursed +4 battleaxe (weapon)
Missiles
 k - 28 poisoned darts (quivered)
Armour
 b - a +0 scale mail
 c - a +2 kite shield (worn)
 f - a +0 cloak (worn)
 D - a +0 chain mail (worn)
 N - the +0 pair of boots of Monotheism (worn) {Harm Regen+ Str-3 Stlth-}
   (You bought it in a shop on level 4 of the Dungeon)

   It affects your strength (-3).
   It increases your rate of regeneration.
   It increases damage dealt and taken.
   It makes you less stealthy.
Magical Staves
 K - an uncursed staff of air {unknown}
Jewellery
 o - a +4 ring of evasion
 q - an amulet of reflection (around neck)
 y - a +4 ring of protection (right hand)
 E - an uncursed ring of magical power
 H - a ring of protection from fire (left hand)
 I - an uncursed ring of protection from cold
 J - an uncursed amulet of faith
Wands
 u - a wand of polymorph (4)
 F - a wand of flame (21)
 G - a wand of disintegration (17)
 L - a wand of acid (11)
 M - a wand of digging (6)
Scrolls
 e - a scroll of fear
 i - a scroll of fog
 j - 3 scrolls of magic mapping
 l - a scroll of noise
 m - 5 scrolls of remove curse
 x - a scroll of silence {unknown}
 O - a scroll of amnesia {unknown}
Potions
 d - 2 potions of might
 h - a potion of lignification
 n - 3 potions of flight
 p - a potion of brilliance {unknown}
 r - a potion of cancellation
 s - 2 potions of ambrosia
 z - a potion of mutation
 A - a potion of attraction {unknown}
 C - 3 potions of curing


   Skills:
 + Level 5.3 Fighting
 + Level 9.2 Axes
 * Level 8.3 Armour
 - Level 3.0 Stealth
 + Level 10.0 Shields
 * Level 4.4 Invocations
 * Level 4.1 Evocations


You had 9 spell levels left.
You didn't know any spells.
Your spell library was empty.

Dungeon Overview and Level Annotations

Branches:
Dungeon (9/15)             Temple (1/1) D:7
   Lair: D:8-11         Orc: D:9-12

Altars:
Ashenzari
Cheibriados
Dithmenos
Elyvilon
Fedhas
Gozag
Hepliaklqana
Kikubaaqudgha
Makhleb
Nemelex Xobeh
Okawaru
Qazlal
Ru
Sif Muna
Trog
Uskayaw
Vehumet
Wu Jian
Xom
Zin
The Shining One

Shops:
D:4 :*?*   D:8 !


Innate Abilities, Weirdness & Mutations

You cannot be hasted, slowed, berserked, paralysed or teleported.
You can dig through walls and to a lower floor.
Your four strong arms can wield two-handed weapons with a shield.
You have a pair of large antennae on your head. (SInv)


Message History

The bolt of magma hits you! You partially resist.
Unknown command.
You slice the molten gargoyle!!
The molten gargoyle is severely damaged.
You slash the molten gargoyle!
You destroy the molten gargoyle!
Cheibriados appreciates the change of pace.
The molten gargoyle blasts magma at you!
The bolt of magma hits you!! You partially resist.
* * * LOW HITPOINT WARNING * * *
Your Shields skill increases to level 10!
You feel much better. You block the molten gargoyle's attack.
Unknown command.
You barely miss the molten gargoyle.
The molten gargoyle is severely damaged.
The molten gargoyle is no longer moving slowly.
The molten gargoyle hits you with a +0 flail!
* * * LOW HITPOINT WARNING * * *
You are engulfed in flames.
You resist.
You die...

. { .# # ... .# ≈≈≈≈
##.# §≈≈≈≈ ##...
####.§≈≈88 #..# ###.@9#
#.###########..))#.≈≈≈≈≈
.........##...#...#.≈≈≈≈
............###..#...≈..
.........#### #...#.#.#.
.........# #..#.#.#.#
.........# #.........
########## #........ .
#######(


You could see a molten gargoyle.

Vanquished Creatures
  2 molten gargoyles (D:9)
  A water moccasin (D:7)
  Duvessa (D:4)
  2 sky beasts
  A phantom (D:8)
  3 necrophages (D:8)
  An ogre (D:6)
  7 centaurs
  4 bullfrogs (D:8)
  A wyvern zombie (D:8)
  Dowan (D:4)
  4 scorpions
  6 killer bees (D:8)
  24 wights
  3 howler monkeys
  2 jellies
  A centaur zombie (D:7)
  A bullfrog skeleton (D:8)
  8 orc wizards
  5 orc priests
  7 hounds
  2 centaur skeletons
  An iguana (D:5)
  5 worker ants
  2 hound zombies (D:8)
  2 mummies (D:8)
  2 worker ant zombies
  4 gnolls
  8 adders
  A howler monkey skeleton (D:4)
  A shadow imp (D:6)
  2 white imps (D:6)
  An adder zombie (D:8)
  A worm (D:2)
  2 dart slugs
  A leopard gecko (D:5)
  25 orcs
  7 bats
  6 giant cockroaches
  6 hobgoblins
  5 jackals
  12 kobolds
  3 quokkas
  10 frilled lizards
  3 goblins
  4 rats
201 creatures vanquished.

Vanquished Creatures (others)
  14 plants
  4 withered plants (D:8)
18 creatures vanquished.

Grand Total: 219 creatures vanquished

Notes
Turn   | Place    | Note
-------+----------+-------------------------------------------
     0 | D:1      | MordorOrchid the Formicid Fighter began the quest for the
                  | Orb.
     0 | D:1      | Reached XP level 1. HP: 18/18 MP: 1/1
   238 | D:1      | Reached XP level 2. HP: 24/24 MP: 2/2
   430 | D:1      | Reached skill level 1 in Stealth
   592 | D:2      | Reached XP level 3. HP: 18/29 MP: 3/3
   596 | D:2      | Reached skill level 4 in Shields
   881 | D:2      | Reached XP level 4. HP: 31/35 MP: 4/4
  1891 | D:3      | Reached XP level 5. HP: 41/41 MP: 5/5
  2428 | D:4      | Noticed Duvessa
  2430 | D:4      | Noticed Dowan
  2508 | D:4      | Found Gamoceb's Assorted Antiques.
  2516 | D:4      | Bought a scroll labelled HOUTZI GUGUANI for 30 gold pieces
  2595 | D:4      | Found Huoqig's Magic Scroll Emporium.
  2605 | D:4      | Bought a scroll of identify for 26 gold pieces
  2605 | D:4      | Bought a scroll of identify for 26 gold pieces
  2605 | D:4      | Bought a scroll of identify for 26 gold pieces
  2605 | D:4      | Bought a scroll of random uselessness for 13 gold pieces
  2605 | D:4      | Bought a scroll of magic mapping for 45 gold pieces
  2728 | D:4      | Killed Duvessa
  2729 | D:4      | Reached XP level 6. HP: 22/47 MP: 6/6
  2732 | D:4      | Killed Dowan
  3038 | D:4      | Reached skill level 5 in Shields
  3239 | D:4      | Reached skill level 5 in Armour
  3239 | D:4      | Reached XP level 7. HP: 52/52 MP: 7/7
  3251 | D:4      | Found Hur Qer's Book Shop.
  3295 | D:4      | Found Jymus's Assorted Antiques.
  3303 | D:4      | Bought a scroll labelled BEACZU TIOHE for 24 gold pieces
  3303 | D:4      | Bought a fizzy dark potion for 21 gold pieces
  3323 | D:4      | Found a radiant altar of Vehumet.
  3323 | D:4      | Found a blossoming altar of Fedhas.
  3328 | D:4      | Found a glowing silver altar of Zin.
  3431 | D:4      | Found a faded altar of an unknown god.
  3433 | D:4      | Found a white marble altar of Elyvilon.
  3887 | D:4      | Reached skill level 5 in Axes
  4148 | D:4      | Found an iron altar of Okawaru.
  4288 | D:5      | Entered Level 5 of the Dungeon
  4364 | D:5      | Got an encrusted flail
  4461 | D:5      | Reached skill level 6 in Shields
  4461 | D:5      | Reached XP level 8. HP: 26/58 MP: 8/8
  4682 | D:5      | Found a burning altar of Makhleb.
  5354 | D:6      | Reached skill level 7 in Shields
  5621 | D:6      | Reached XP level 9. HP: 65/65 MP: 9/9
  6041 | D:7      | Found a staircase to the Ecumenical Temple.
  6051 | Temple   | Entered the Ecumenical Temple
  6103 | Temple   | Became a worshipper of Cheibriados the Contemplative
  6121 | D:7      | Found a sparkling altar of Nemelex Xobeh.
  6149 | D:7      | Reached skill level 1 in Invocations
  6150 | D:7      | Reached skill level 1 in Evocations
  6492 | D:7      | Reached skill level 8 in Shields
  6978 | D:7      | Reached * piety under Cheibriados
  7532 | D:8      | Reached XP level 10. HP: 73/73 MP: 11/11
  7559 | D:8      | Reached skill level 9 in Shields
  7670 | D:8      | Reached ** piety under Cheibriados
  7734 | D:8      | Found Fukkugeg's Distillery.
  7820 | D:8      | Reached skill level 5 in Fighting
  7860 | D:8      | Bought a potion of degeneration for 13 gold pieces
  8712 | D:8      | Found a shimmering altar of Xom.
  8907 | D:4      | Bought a pair of brightly glowing boots for 228 gold pieces
  8907 | D:4      | Bought a scroll labelled XIOXKUTUR for 24 gold pieces
  8912 | D:4      | Identified the +0 pair of boots of Monotheism {Harm Regen+
                  | Str-3 Stlth-} (You bought it in a shop on level 4 of the
                  | Dungeon)
  9008 | D:9      | Identified the +5 flail "Cicoma" {protect, rPois rF- rC-
                  | Int+4 Dex+2} (You found it on level 5 of the Dungeon)
  9016 | D:9      | Noticed a molten gargoyle
  9017 | D:9      | Noticed a molten gargoyle
  9025 | D:9      | Noticed a molten gargoyle
  9027 | D:9      | Killed a molten gargoyle
  9037 | D:9      | Killed a molten gargoyle
  9037 | D:9      | HP: 1/74 [molten gargoyle/bolt of magma (26)]
  9038 | D:9      | Reached skill level 10 in Shields
  9039 | D:9      | Slain by a molten gargoyle

Illustrated notes

Levels and vault maps discovered:
D:1:      eino_arrival_cavern_d, layout_loops_ring
D:2:      layout_loops_ring
D:3:      layout_basic
D:4:      layout_loops_corners, chequers_temple_overflow_minitemple,
          okawaru_altar_gauntlet_db, serial_shops, shop,
          nicolae_shop_statue_plus, shop, shop_fountains, serial_bayou_lagoon_a,
          uniq_duvessa
D:5:      layout_rooms, makhleb_blood_cavern_becter, columned_hall_lemuel,
          uniq_crazy_yiuf_cottage
D:6:      layout_basic, corexii_leaking_fountain
D:7:      minmay_skewed_foursquare, layout_basic, lemuel_round_altar,
          serial_bayou_pond_a
D:8:      layout_basic, xom_butterflies, serial_shops, shop, serial_undead,
          serial_undead_a, serial_undead_e, serial_undead_b, serial_undead_c,
          serial_undead_f, serial_undead_c, serial_undead_c, serial_undead_e
D:9:      layout_roguey, statue_in_the_mist_lemuel, minivault_8
Temple:   nicolae_temple_great_sept

Skill      XL: |  1  2  3  4  5  6  7  8  9 10 |
---------------+-------------------------------+-----
Stealth        | 1 2 3 |  3.0
Shields        | 4 5 6 7 8 10 | 10.0
Axes           | 3 4 5 6 8 9 |  9.2
Armour         | 4 5 6 7 8 |  8.3
Fighting       | 4 5 |  5.3
Invocations    | 2 4 |  4.4
Evocations     | 2 4 |  4.1

Action                   |  1- 3 |  4- 6 |  7- 9 | 10-12 || total
-------------------------+-------+-------+-------+-------++-------
Melee: War axe           |    66 |   119 |   177 |       ||   362
       Battleaxe         |       |       |   153 |   159 ||   312
Throw: Dart              |       |    14 |    25 |     3 ||    42
Invok: Bend Time         |       |       |       |     2 ||     2
 Abil: Dig               |       |     2 |       |       ||     2
  Use: Scroll            |     6 |     4 |     8 |     3 ||    21
       Potion            |       |     1 |     1 |     3 ||     5
Armor: Scale mail        |    50 |    33 |    23 |       ||   106
       Chain mail        |       |       |    59 |    47 ||   106
Dodge: Dodged            |    32 |    43 |   118 |    61 ||   254
Block: Kite shield       |    52 |    60 |   232 |   193 ||   537
       Reflection        |       |       |     6 |     7 ||    13

Table legend: (Time is in decaauts)
 A = Elapsed time spent in this place.
 B = Non-inter-level travel time spent in this place.
 C = Inter-level travel time spent in this place.
 D = Time resting spent in this place.
 E = Time spent auto-exploring this place.
 F = Levels seen in this place.
 G = Mean time per level.
                   A        B        C        D        E       F      G
               +--------+--------+--------+--------+--------+-----+--------+
         Total |  10069 |   9534 |    535 |    262 |   7537 |  10 | 1006.9 |
       Dungeon |  10004 |   9482 |    522 |    262 |   7487 |   9 | 1111.6 |
        Temple |     65 |     53 |     12 |      0 |     50 |   1 |   65.0 |
               +--------+--------+--------+--------+--------+-----+--------+

Top non-repeatable levels by time:
     D:4: 1941 daAuts
     D:8: 1846 daAuts
     D:7: 1750 daAuts
     D:3: 1040 daAuts
     D:6: 974 daAuts
     D:2: 909 daAuts
     D:5: 897 daAuts
     D:1: 585 daAuts
  Temple: 65 daAuts
     D:9: 57 daAuts
